 Dungeon Crawl Stone Soup version 0.19-b1-4-gd8a0a2a (webtiles) character file.

148 Disciple the Slasher (level 5, -2/42 HPs)
             Began as a Vampire Monk on Oct 30, 2016.
             Slain by an iguana (10 damage)
             ... on level 3 of the Dungeon.
             The game lasted 00:05:56 (3408 turns).

Disciple the Slasher (Vampire Monk)                 Turns: 3408, Time: 00:05:56

Health: -2/42      AC:  5    Str:  9 (10) XL:     5   Next: 8%
Magic:  5/5        EV: 13    Int: 11 (12) God:
Gold:   60         SH:  0    Dex: 15 (18) Spells: 0 memorised, 4 levels left

rFire  . . .     SeeInvis +     a - +0 falchion
rCold  + . .     Gourm    .     n - +0 leather armour
rNeg   + + .     Faith    .     (no shield)
rPois  +         Spirit   .     (no helmet)
rElec  .         Reflect  .     m - +0 cloak
rCorr  .         Harm     .     t - +0 pair of gloves
MR     .....     Clarity  +     (no boots)
Stlth  ++++......               (no amulet)
                                (no ring)
                                f - ring of flight

@: regenerating slowly
A: fangs 3, thin skeletal structure 1, see invisible, clarity, dopey 1, robust
1, unbreathing
a: Bat Form, Evoke Flight


You were on level 3 of the Dungeon.
You were near bloodless.

You visited 1 branch of the dungeon, and saw 3 of its levels.

You collected 60 gold pieces.

Inventory:

Hand Weapons
 a - a +0 falchion (weapon)
Armour
 b - a +0 robe
 m - a +0 cloak (worn)
 n - a +0 leather armour (worn)
 t - a +0 pair of gloves (worn)
Jewellery
 f - a ring of flight (left hand)
Scrolls
 e - a scroll of remove curse {unknown}
 h - 3 scrolls of fear {unknown}
 i - 3 scrolls of identify {unknown}
 j - a scroll of magic mapping {unknown}
 k - 4 scrolls of amnesia {unknown}
 l - a scroll of teleportation {unknown}
 o - a scroll of enchant armour {unknown}
 p - a scroll of fog {unknown}
 r - a scroll of enchant weapon {unknown}
Potions
 c - 14 potions of blood
 d - a potion of heal wounds
 g - 3 potions of degeneration


   Skills:
 - Level 2.6 Fighting
 + Level 5.8 Long Blades
 - Level 3.2 Dodging
 - Level 3.0 Stealth


You had 4 spell levels left.
You didn't know any spells.

Dungeon Overview and Level Annotations

Branches:
Dungeon (3/15)

Altars:
Gozag
Hepliaklqana
Zin

Annotations:
D:3 Grinder


Innate Abilities, Weirdness & Mutations

You heal slowly.
You have razor-sharp teeth.
You have supernaturally acute eyesight. (SInv)
You can survive without breathing.
You have a somewhat thin skeletal structure. (Dex +2, Stealth)
You possess an exceptional clarity of mind.
You are dopey. (Int -2)
You are robust. (+10% HP)


Message History

You are too injured to fight recklessly!
You are too injured to fight recklessly!
You are too injured to fight recklessly!
You are too injured to fight recklessly!
You see here a robe.
You hit the iguana but do no damage.
The iguana is lightly wounded.
The iguana bites you!
* * * LOW HITPOINT WARNING * * *
You hit the iguana.
The iguana is moderately wounded.
The iguana bites you.
* * * LOW HITPOINT WARNING * * *
You hit the iguana but do no damage.
The iguana is lightly wounded.
The iguana misses you.
You hit the iguana.
The iguana is heavily wounded.
The iguana bites you!
You die...

#.# #.. #.# #.## ###
##.##... ####...#.### #
...(....#.!# ###.
######.####...#.#.##.....
#...##..@lsl..[......#
#<#....####.....#.##.#
#>.%## #.........#
##...######.....#..#.#
#.........[..#.#..# #
#..)######.###.#..# #..##
#.# #..... #...# #..
....... #.#.#
...)........


You could see an iguana, a giant cockroach and a frilled lizard.

Vanquished Creatures
  An orc wizard (D:3)
  5 adders (D:2)
  An ooze (D:3)
  4 dart slugs
  A leopard gecko (D:1)
  5 orcs (D:3)
  A ball python (D:1)
  7 goblins
  5 hobgoblins
  7 jackals
  8 kobolds
  A quokka (D:2)
  2 bats (D:1)
  4 frilled lizards
  7 rats
59 creatures vanquished.

Vanquished Creatures (others)
  A frilled lizard (D:3)
1 creature vanquished.

Grand Total: 60 creatures vanquished

Notes
Turn   | Place    | Note
-------+----------+-------------------------------------------
     0 | D:1      | Disciple the Vampire Monk began the quest for the Orb.
     0 | D:1      | Reached XP level 1. HP: 17/17 MP: 1/1
   410 | D:1      | Reached XP level 2. HP: 23/23 MP: 2/2
  1063 | D:1      | Reached skill level 4 in Long Blades
  1122 | D:2      | Reached XP level 3. HP: 11/28 MP: 3/3
  2112 | D:2      | Reached skill level 5 in Long Blades
  2112 | D:2      | Reached XP level 4. HP: 33/34 MP: 4/4
  2275 | D:2      | Found an opulent altar of Gozag.
  2275 | D:2      | Found a glowing silver altar of Zin.
  2801 | D:3      | Found a hazy altar of Hepliaklqana.
  2882 | D:3      | Noticed Grinder
  2917 | D:3      | Reached XP level 5. HP: 10/39 MP: 5/5
  2920 | D:3      | Gained mutation: You have a somewhat thin skeletal structure. (Dex +2, Stealth) [potion of mutation]
  2920 | D:3      | Gained mutation: You are robust. (+10% HP) [potion of mutation]
  2920 | D:3      | Gained mutation: You are dopey. (Int -2) [potion of mutation]
  2920 | D:3      | Paralysed by Grinder for 3 turns
  2934 | D:3      | Gained mutation: You possess an exceptional clarity of mind. [potion of beneficial mutation]
  3408 | D:3      | Slain by an iguana

Skill      XL: |  1  2  3 |
---------------+----------+-----
Long Blades    | 4 5 |  5.8
Fighting       | |  2.6
Dodging        | |  3.2
Stealth        | |  3.0

Action                   |  1- 3 |  4- 6 || total
-------------------------+-------+-------++-------
Melee: Falchion          |   103 |   113 ||   216
       Bite              |     8 |    16 ||    24
  Use: Potion            |       |     7 ||     7
 Stab: Sleeping          |     9 |     5 ||    14
Armor: Robe              |     4 |       ||     4
       Leather armour    |    16 |    29 ||    45
Dodge: Dodged            |    70 |    73 ||   143
       Rpst.: Falchion   |    19 |    19 ||    38
